 Dungeon Crawl Stone Soup version 0.23.1-41-g7e51ed32d8 (webtiles) character file.

Game seed: 16055373442199292873

91 kirranu the Cutter (level 4, -1/37 HPs)
             Began as a Minotaur Gladiator on Mar 29, 2019.
             Slain by an orc wizard
             ... wielding a +0 dagger
              (2 damage)
             ... on level 3 of the Dungeon.
             The game lasted 00:02:58 (1554 turns).

kirranu the Cutter (Minotaur Gladiator)             Turns: 1554, Time: 00:02:58

Health: -1/37      AC:  4    Str: 18    XL:     4   Next: 34%
Magic:  3/3        EV: 18    Int:  5    God:
Gold:   122        SH:  0    Dex: 18    Spells: 3/3 levels left

rFire    . . .     SeeInvis .   a - +0 rapier
rCold    . . .     Gourm    .   (no shield)
rNeg     . . .     Faith    .   b - +0 leather armour
rPois    .         Spirit   .   c - +1 hat
rElec    .         Reflect  .   (no cloak)
rCorr    .         Harm     .   (no gloves)
MR       .....     Rnd*Tele +   (no boots)
Stlth    +++.......             (no amulet)
HPRegen  0.12/turn              p - ring of teleportation (curse)
MPRegen  0.08/turn              r - -3 ring of slaying (curse)

@: agile, flying
A: retaliatory headbutt, horns 2
a: no special abilities


You were on level 3 of the Dungeon.
You were not hungry.

You visited 1 branch of the dungeon, and saw 3 of its levels.

You collected 122 gold pieces.

Inventory:

Hand Weapons
 a - a +0 rapier (weapon)
Missiles
 d - a throwing net (quivered)
Armour
 b - a +0 leather armour (worn)
 c - a +1 hat (worn)
Jewellery
 p - a cursed ring of teleportation (left hand)
 r - a cursed -3 ring of slaying (right hand)
Scrolls
 e - 2 scrolls of identify
Potions
 l - a potion of lignification
Comestibles
 f - 7 rations
 g - 7 chunks of flesh


   Skills:
 - Level 2.4 Fighting
 + Level 4.2 Short Blades
 - Level 2.0 Throwing
 + Level 2.6 Armour
 - Level 3.2 Dodging
 + Level 1.9 Stealth


You had 3 spell levels left.
You didn't know any spells.
Your spell library was empty.

Dungeon Overview and Level Annotations

Branches:
Dungeon (3/15)

Altars:


Innate Abilities, Weirdness & Mutations

You reflexively headbutt those who attack you in melee.
You have a pair of horns on your head.


Message History

* * * LOW HITPOINT WARNING * * *
The orc barely misses you. You furiously retaliate!
You headbutt the orc, but do no damage. The orc wizard casts a spell at you.
The magic dart hits you.
* * * LOW HITPOINT WARNING * * *
You closely miss the orc. You headbutt the orc, but do no damage.
The orc is heavily wounded.
The orc closely misses you. You furiously retaliate!
You headbutt the orc, but do no damage. The orc wizard casts a spell at you.
You resist with some effort. The orc barely misses you.
The kobold closely misses you. You furiously retaliate!
You headbutt the kobold, but do no damage.
The orc hits you with a cursed +0 club.
* * * LOW HITPOINT WARNING * * *
You hit the orc but do no damage.
The orc is heavily wounded.
The orc wizard hits you with a +0 dagger.
You die...

#
#########
##
#...oo@o#
.
#))[.oKo#
#..)..o%#
#.......#
#......?#
#(......#
#
#.......#
#
#......?#
#
........#


You could see an orc wizard, 5 orcs and a kobold.

Vanquished Creatures
  2 adders
  3 dart slugs
  2 leopard geckos
  8 orcs (D:3)
  3 giant cockroaches (D:2)
  6 hobgoblins
  6 kobolds
  A quokka (D:2)
  3 ball pythons
  6 bats
  7 frilled lizards
  5 goblins
  9 rats
61 creatures vanquished.

Notes
Turn   | Place    | Note
-------+----------+-------------------------------------------
     0 | D:1      | kirranu the Minotaur Gladiator began the quest for the Orb.
     0 | D:1      | Reached XP level 1. HP: 18/18 MP: 0/0
   166 | D:1      | Reached skill level 1 in Armour
   345 | D:1      | Reached XP level 2. HP: 25/25 MP: 1/1
   503 | D:1      | Reached skill level 1 in Stealth
   915 | D:2      | Reached XP level 3. HP: 25/30 MP: 2/2
  1242 | D:2      | Reached skill level 4 in Short Blades
  1438 | D:3      | Reached XP level 4. HP: 29/37 MP: 3/3
  1553 | D:3      | HP: 1/37 [orc/cursed +0 club (2)]
  1554 | D:3      | Slain by an orc wizard

Skill      XL: |  1  2  3 |
---------------+----------+-----
Armour         | 1 2 |  2.6
Stealth        | 1 |  1.9
Short Blades   | 4 |  4.2
Fighting       | |  2.4
Throwing       | |  2.0
Dodging        | |  3.2

Action                   |  1- 3 |  4- 6 || total
-------------------------+-------+-------++-------
Melee: Rapier            |    89 |    41 ||   130
       Headbutt          |    14 |     4 ||    18
Throw: Throwing net      |       |     2 ||     2
  Use: Scroll            |     5 |     1 ||     6
       Potion            |       |     4 ||     4
 Stab: Sleeping          |     2 |       ||     2
  Eat: Chunk             |     2 |       ||     2
Armor: Leather armour    |    16 |    17 ||    33
Dodge: Dodged            |    56 |    62 ||   118
